 Dungeon Crawl Stone Soup version 0.26.0-10-g1f06aea511 (webtiles) character file.

Game seed: 3504993897350584242

218 sanka the Shooter (level 5, -3/32 HPs)
             Began as a Deep Elf Hunter on Jan 21, 2021.
             Slain by Grinder (5 damage)
             ... while paralysed by Grinder
             ... on level 3 of the Dungeon.
             The game lasted 00:06:05 (3679 turns).

sanka the Shooter (Deep Elf Hunter)                 Turns: 3679, Time: 00:06:05

Health: -3/32      AC:  3    Str:  9    XL:     5   Next: 63%
Magic:  7/7        EV:  2    Int: 16    God:
Gold:   60         SH:  0    Dex: 16    Spells: 4/4 levels left

rFire    . . .     SeeInvis .   a - +1 shortbow
rCold    . . .     Faith    .   (shield currently unavailable)
rNeg     . . .     Spirit   .   c - +0 leather armour
rPois    .         Reflect  .   (no helmet)
rElec    .         Harm     .   (no cloak)
rCorr    +         Rampage  .   (no gloves)
Will     .....                  (no boots)
Stlth    ++........             (no amulet)
HPRegen  0.10/turn              (no ring)
MPRegen  0.10/turn              j - ring of resist corrosion

@: paralysed
A: no striking features
a: no special abilities


You were on level 3 of the Dungeon.
You visited 1 branch of the dungeon, and saw 4 of its levels.

You collected 60 gold pieces.


   Skills:
 - Level 3.0 Fighting
 - Level 6.0 Bows
 + Level 5.4 Dodging
 - Level 2.0 Stealth


You had 4 spell levels left.
You didn't know any spells.
Your spell library was empty.

Inventory:

Hand Weapons
 a - a +1 shortbow (weapon)
 b - a +0 short sword
Missiles
 d - 9 arrows (quivered ammo)
Armour
 c - a +0 leather armour (worn)
Jewellery
 j - a ring of resist corrosion (right hand)
Wands
 l - a wand of flame (14)
Scrolls
 e - a scroll of blinking
 h - 4 scrolls of identify {unknown}
 i - a scroll of teleportation {unknown}
 k - a scroll of fog {unknown}
 m - a scroll of enchant armour {unknown}
Potions
 f - a potion of heal wounds {@q2}
 g - a potion of flight {unknown}

Dungeon Overview and Level Annotations

Branches:
Dungeon (4/15)
 Temple: D:4-7

Altars:
The Shining One

Annotations:
D:3 Grinder

▒▒▒ ▒▒▒ ▒▒.▒▒ ▒▒.▒▒
▒▒▒▒...▒▒▒▒▒▒▒▒▒...▒▒
▒........5e..▒▒.....▒▒▒▒▒▒▒
▒.▒▒....▒▒▒▒...............
▒.▒▒▒.▒.▒ ▒▒▒▒▒▒.▒▒▒▒▒▒▒▒▒
▒.▒ ▒.▒.▒ ▒.▒ ▒...▒ ▒.▒
▒...▒ ▒.▒ ▒▒▒.▒.▒ ▒.▒ ▒▒..▒
▒▒'▒▒▒.._... ▒.▒▒▒▒..▒
▒▒...▒▒.▒.▒.▒ ▒.......▒
▒▒.......▒.▒.▒
▒▒▒▒▒▒..▒▒▒▒▒▒.......▒▒...▒


You could see Grinder (fast).


Message History

Grinder blinks!
Grinder gestures at you.
You suddenly lose the ability to move!
Grinder hits you!
You writhe in agony.
You can move again.
Unknown command.
Unknown command.
Okay, then.
Grinder gestures at you. You resist with significant effort.
a - a +1 shortbow (weapon)
Grinder hits you but does no damage.
You shoot an arrow. The arrow hits Grinder!
Grinder is lightly wounded.
Grinder gestures at you.
You suddenly lose the ability to move!
Grinder barely misses you. Grinder hits you but does no damage.
Grinder gestures at you. Pain shoots through your body!
* * * LOW HITPOINT WARNING * * *
Grinder gestures at you. Pain shoots through your body!
* * * LOW HITPOINT WARNING * * *
Grinder hits you.
* * * LOW HITPOINT WARNING * * *
You writhe in agony.
You die...

Action                   |  1- 3 |  4- 6 || total
-------------------------+-------+-------++-------
Melee: Short sword       |    84 |   104 ||   188
 Fire: Shortbow          |    54 |    26 ||    80
  Use: Potion            |       |     2 ||     2
       Scroll            |       |     1 ||     1
Armor: Leather armour    |    25 |    18 ||    43
Dodge: Dodged            |    76 |    99 ||   175

Levels and vault maps discovered:
D:1:      lemuel_arrival_cross, layout_basic, minmay_crystal_room
D:2:      cheibrodos_pilgrimage, layout_basic, gammafunk_temple_overflow_wave
D:3:      layout_loops_corners, lemuel_crystal_altar, hangedman_decor_points,
          uniq_natasha, uniq_grinder, uniq_crazy_yiuf_cottage
D:4:      layout_basic, portal_sewer_entry_f

Notes
Turn   | Place    | Note
-------+----------+-------------------------------------------
     0 | D:1      | sanka the Deep Elf Hunter began the quest for the Orb.
     0 | D:1      | Reached XP level 1. HP: 12/12 MP: 3/3
   166 | D:1      | Reached skill level 6 in Bows
   166 | D:1      | Reached XP level 2. HP: 11/16 MP: 4/4
   597 | D:1      | Reached skill level 2 in Stealth
   616 | D:1      | Reached skill level 2 in Fighting
   666 | D:1      | Reached XP level 3. HP: 15/21 MP: 5/5
  1815 | D:4      | Reached skill level 3 in Fighting
  1815 | D:4      | Reached skill level 3 in Dodging
  1815 | D:4      | Reached XP level 4. HP: 18/28 MP: 6/6
  1832 | D:4      | Reached skill level 4 in Dodging
  1844 | D:4      | Reached XP level 5. HP: 21/32 MP: 7/7
  2117 | D:4      | HP: 3/32 [poisoned by a worker ant]
  2137 | D:4      | HP: 3/32 [poisoned by a worker ant]
  2145 | D:4      | HP: 2/32 [poisoned by a worker ant]
  2496 | D:4      | Reached skill level 5 in Dodging
  3260 | D:3      | Found a glowing golden altar of the Shining One.
  3286 | D:3      | HP: 3/32 [worm (4)]
  3636 | D:3      | Noticed Grinder
  3671 | D:3      | Paralysed by Grinder for 2 turns
  3676 | D:3      | Paralysed by Grinder for 5 turns
  3679 | D:3      | HP: 2/32 [Grinder (4)]
  3679 | D:3      | Slain by Grinder

Vanquished Creatures
  A howler monkey (D:4)
  A hound (D:4)
  2 worker ants (D:4)
  A gnoll (D:1)
  3 adders
  An adder skeleton (D:3)
  A worm (D:3)
  3 dart slugs (D:1)
  2 leopard geckos
  5 bats
  2 giant cockroaches (D:1)
  7 goblins
  7 hobgoblins
  7 jackals
  3 kobolds
  3 quokkas
  A frilled lizard (D:1)
  A jackal skeleton (D:4)
  3 rats
54 creatures vanquished.

Table legend: (Time is in decaauts)
 A = Elapsed time spent in this place.
 B = Non-inter-level travel time spent in this place.
 C = Inter-level travel time spent in this place.
 D = Time resting spent in this place.
 E = Time spent auto-exploring this place.
 F = Levels seen in this place.
 G = Mean time per level.
                   A        B        C        D        E       F      G
               +--------+--------+--------+--------+--------+-----+--------+
         Total |   3683 |   3562 |    121 |   1548 |   1302 |   4 |  920.8 |
       Dungeon |   3683 |   3562 |    121 |   1548 |   1302 |   4 |  920.8 |
               +--------+--------+--------+--------+--------+-----+--------+

Top non-repeatable levels by time:
     D:1: 1134 daAuts
     D:3: 992 daAuts
     D:4: 884 daAuts
     D:2: 672 daAuts
